 Dungeon Crawl Stone Soup version 0.31-a0-217-g58bb5d79cf (webtiles) character file.

Game seed: 5035663252435531865

7213 qw the Skirmisher (level 10, -6/95 HPs)
             Began as a Minotaur Hexslinger on July 2, 2023.
             Was an Elder of Okawaru.
             Mangled by a polar bear (15 damage)
             ... on level 2 of the Lair of Beasts.
             The game lasted 00:02:59 (7533 turns).

qw the Skirmisher (Minotaur Hexslinger)             Turns: 7533, Time: 00:02:59

Health: -6/95      AC:  6    Str: 12 (13) XL:     10   Next: 87%
Magic:  10/12      EV: 31    Int: 12 (14) God:    Okawaru [****..]
Gold:   537        SH:  0    Dex: 20      Spells: 10/11 levels left

rFire   . . .        i - +0 orcbow
rCold   . . .        (shield currently unavailable)
rNeg    . . .        d - +1 robe "Orghuosua" {Int+4 Dex+3 Stlth-}
rPois   .            (helmet restricted)
rElec   .            (no cloak)
rCorr   .            p - +0 pair of gloves
SInv    .            b - +0 pair of boots
Will    .....        (no amulet)
Stlth   ++           j - ring of Edgha {EV+5 Slay+6}
HPRegen 0.35/turn    k - +5 ring of evasion
MPRegen 0.13/turn

%: no passive effects
@: lethally poisoned (-6 -> -19), about to teleport, heroic
A: horns 2, retaliatory headbutt, talons 1, deterioration 1, MP-powered wands
a: Renounce Religion, Heroism, Finesse


You were on level 2 of the Lair of Beasts.
You worshipped Okawaru.
Okawaru was greatly pleased with you.
You visited 3 branches of the dungeon, and saw 12 of its levels.

You collected 537 gold pieces.


Innate Abilities, Weirdness & Mutations

You have a pair of horns on your head.
You reflexively headbutt those who attack you in melee.
You have sharp toenails.
Your body sometimes deteriorates upon taking damage.
You expend magic power (3 MP) to strengthen your wands.


   Skills:
 - Level 11.1(16.1) Fighting
 + Level 14.2(19.2) Ranged Weapons
 - Level 2.2(7.2) Armour
 - Level 8.0(13.0) Dodging
 - Level 1.0 Spellcasting
 - Level 2.0 Hexes
 + Level 4.2 Invocations


You had 10 spell levels left.
You knew the following spells:

 Your Spells              Type           Power      Damage    Failure   Level
a - Slow                  Hex            20%        N/A       13%         1

Your spell library contained the following spells:

 Spells                   Type           Power      Damage    Failure   Level
 Inner Flame              Hex/Fire       3%         N/A       52%         3
 Portal Projectile        Hex/Tloc       6%         N/A       52%         3
 Cause Fear               Hex            2%         N/A       78%         4

Inventory:

Hand Weapons
 i - a +0 orcbow (weapon)
Armour
 b - a +0 pair of boots (worn)
 d - the +1 robe "Orghuosua" (worn) {Int+4 Dex+3 Stlth-}
   (You found it on level 3 of the Dungeon)

   Int:       It affects your intelligence (+4).
   Dex:       It affects your dexterity (+3).
   Stlth:     It makes you less stealthy.
 m - a +0 leather armour of fire resistance
 p - a +0 pair of gloves (worn)
Jewellery
 j - the ring of Edgha (left hand) {EV+5 Slay+6}
   (You took it off an orc on level 6 of the Dungeon)

   [ring of evasion]

   EV:        It affects your evasion (+5).
   Slay:      It affects your accuracy & damage with ranged weapons and melee
   (+6).
 k - a +5 ring of evasion (right hand)
 n - a ring of fire
Scrolls
 a - 3 scrolls of teleportation
 f - a scroll of identify
Potions
 c - 3 potions of heal wounds
 e - a potion of might
 g - 2 potions of curing
 h - 2 potions of enlightenment
 l - a potion of resistance
 o - a potion of cancellation

Dungeon Overview and Level Annotations

Branches:
Dungeon (9/15)             Temple (1/1) D:4            Lair (1/5) D:9
    Orc: D:9-12

Altars:
Ashenzari
Cheibriados
Dithmenos
Elyvilon
Fedhas
Gozag
Hepliaklqana
Kikubaaqudgha
Makhleb
Nemelex Xobeh
Okawaru
Qazlal
Ru
Sif Muna
Trog
Uskayaw
Vehumet
Wu Jian
Xom
Yredelemnul
Zin
The Shining One

Shops:
D:4 :

Portals:
Bailey: D:8

Annotations:
D:6 2 transporters


Message History

You shoot an arrow.
The arrow barely misses the cane toad. x2
You feel very sick. The cane toad completely misses you.
You furiously retaliate!
You headbutt the cane toad! The polar bear completely misses you.
The polar bear claws you but does no damage.
The polar bear misses you.
You shoot an arrow. The arrow hits the cane toad.
The cane toad is severely wounded.
You feel like a meek peon again.
You feel very sick. The cane toad stings you!!
You are more poisoned.
The cane toad poisons you!
The polar bear completely misses you. x2
The polar bear misses you.
7530 ||| INVOKING Heroism.
You gain the combat prowess of a mighty hero.
You feel extremely sick. The cane toad completely misses you.
The polar bear bites you!
Your body deteriorates!
You feel weakened. The polar bear closely misses you.
The polar bear completely misses you.
You shoot an arrow.
The arrow hits the cane toad but does no damage.
The cane toad is severely wounded.
You feel very sick. The cane toad barely misses you. You furiously retaliate!
You headbutt the cane toad! You shoot an arrow.
The arrow barely misses the cane toad.
The arrow hits the cane toad!!
The cane toad is severely wounded.
You feel very sick. The polar bear bites you!
Your body deteriorates!
You feel dopey.
The polar bear claws you but does no damage.
The polar bear misses you. The cane toad completely misses you.
7533 ||| READING 4 scrolls of teleportation.
As you read the scroll of teleportation, it crumbles to dust.
You feel strangely unstable.
You feel very sick. The cane toad barely misses you. The polar bear bites you!
You die...

######.##
+@FF.....
#h#......
#.# .....
.#+ ....
. ... ..
.. #. .
..


You could see a polar bear and 2 cane toads.

Vanquished Creatures
  4 elephants (Lair:2)
  A black mamba (Lair:1)
  A cane toad (Lair:1)
  A hornet (D:9)
  3 shadows (D:9)
  9 yaks
  A wyvern (Lair:2)
  A steam dragon (D:6)
  Menkaure (D:7)
  3 water moccasins
  3 black bears
  2 ice beasts
  2 orc warriors (D:8)
  A sky beast (D:6)
  2 centaurs
  5 kobold brigands
  2 bullfrogs
  2 gnoll sergeants
  3 wights (D:8)
  3 electric eels (D:7)
  A hound (D:6)
  2 jellies
  An orc priest (D:7)
  2 iguanas
  7 orc wizards
  9 gnolls
  6 adders
  3 shadow imps
  3 white imps
  3 ufetubi
  2 worms (D:4)
  9 dart slugs
  23 orcs
  8 endoplasms
  2 giant cockroaches
  7 goblins
  2 hobgoblins (D:2)
  9 jackals
  A quokka (D:2)
  13 ball pythons
  6 bats
  4 frilled lizards
  34 kobolds
  5 rats
212 creatures vanquished.

Vanquished Creatures (others)
  A white imp (D:7)
  2 dart slugs (D:7)
3 creatures vanquished.

Grand Total: 215 creatures vanquished

Notes
Turn   | Place    | Note
-------+----------+-------------------------------------------
     0 | D:1      | qw the Minotaur Hexslinger began the quest for the Orb.
     0 | D:1      | Reached XP level 1. HP: 16/16 MP: 1/1
     0 | D:1      | 0 ||| qw: Version: 0.3-a-40-ge99b1a8
     0 | D:1      | 0 ||| qw: Game counter: 104
     0 | D:1      | 0 ||| qw: Melee chars always use a shield: true
     0 | D:1      | 0 ||| qw: God list: Okawaru
     0 | D:1      | 0 ||| qw: Allow faded altars: false
     0 | D:1      | 0 ||| qw: Do Orc after clearing Dungeon:15 true
     0 | D:1      | 0 ||| qw: Do second Lair branch before Depths: true
     0 | D:1      | 0 ||| qw: Lair rune preference: random
     0 | D:1      | 0 ||| qw: Goals: Normal
     0 | D:1      | 0 ||| PLANNING D:1-11
   204 | D:1      | Reached skill level 3 in Ranged Weapons
   205 | D:1      | Reached XP level 2. HP: 9/23 MP: 2/2
   354 | D:1      | 354 ||| FLEEEEING.
   855 | D:1      | Reached XP level 3. HP: 29/29 MP: 3/3
   886 | D:1      | 886 ||| UPGRADING to +0 leather armour of willpower.
   896 | D:1      | 896 ||| DROPPING +0 robe.
   897 | D:1      | 897 ||| READING scroll labelled RIPPEZ IRPHENE.
   900 | D:1      | 900 ||| READING scroll labelled ZAESAD JAFIRA.
   901 | D:1      | 901 ||| READING 2 scrolls labelled HESUR YR VITI.
   902 | D:1      | 902 ||| READING scroll labelled YFITUE GUETUANK.
   903 | D:1      | 903 ||| DRINKING 2 red potions.
   903 | D:1      | Reached skill level 12 in Ranged Weapons
   903 | D:1      | Reached XP level 4. HP: 36/36 MP: 4/4
   904 | D:1      | 904 ||| DRINKING potion of experience.
   904 | D:1      | Reached XP level 5. HP: 60/60 MP: 5/5
   905 | D:1      | 905 ||| DROPPING scroll of poison.
   906 | D:1      | 906 ||| DROPPING scroll of fear.
  1256 | D:2      | 1256 ||| READING scroll labelled LESKUC OTZEHO.
  1257 | D:2      | 1257 ||| READING scroll labelled KUTISMESEO.
  1411 | D:3      | Identified the +1 robe "Orghuosua" {Int+4 Dex+3 Stlth-}
  1461 | D:3      | Found a hazy altar of Hepliaklqana.
  1595 | D:3      | Found a faded altar of an unknown god.
  2010 | D:3      | 2010 ||| DROPPING +0 ring mail.
  2011 | D:3      | 2011 ||| UPGRADING to +1 robe "Orghuosua" {Int+4 Dex+3
                  | Stlth-}.
  2021 | D:3      | 2021 ||| DROPPING +0 leather armour of willpower.
  2022 | D:3      | 2022 ||| READING scroll labelled LAMERE ALIPH.
  2238 | D:4      | Found Venwen Zoant's Tiny Tomes.
  2294 | D:4      | Reached XP level 6. HP: 68/68 MP: 6/6
  2326 | D:4      | 2326 ||| Stepping ~*~*~tactically~*~*~ (outnumbered).
  2364 | D:4      | Reached skill level 3 in Dodging
  2382 | D:4      | Found a staircase to the Ecumenical Temple.
  2383 | D:4      | 2383 ||| PLANNING TEMPLE
  2383 | D:4      | 2383 ||| UPGRADING to +0 pair of boots.
  2388 | D:4      | 2388 ||| DRINKING 2 fizzy green potions.
  2389 | D:4      | 2389 ||| READING 2 scrolls of identify.
  2389 | D:4      | 2389 ||| IDENTIFYING puce potion
  2390 | D:4      | 2390 ||| DROPPING potion of brilliance.
  2399 | Temple   | Entered the Ecumenical Temple
  2621 | Temple   | 2621 ||| PLANNING D:1-11
  2953 | D:4      | 2953 ||| READING scroll labelled YPHEICATAKH.
  3059 | D:4      | 3059 ||| READING 2 scrolls of identify.
  3059 | D:4      | 3059 ||| IDENTIFYING clear potion
  3067 | D:5      | Entered Level 5 of the Dungeon
  3449 | D:5      | Reached skill level 1 in Armour
  3779 | D:5      | 3779 ||| READING scroll labelled SISTOITIVY.
  3780 | D:5      | 3780 ||| DRINKING 2 grey potions.
  3781 | D:5      | 3781 ||| READING 3 scrolls of identify.
  3781 | D:5      | 3781 ||| IDENTIFYING bubbling black potion
  3782 | D:5      | 3782 ||| READING 2 scrolls of identify.
  3782 | D:5      | 3782 ||| IDENTIFYING dark potion
  3783 | D:5      | 3783 ||| DROPPING potion of berserk rage.
  3827 | D:6      | Found an opulent altar of Gozag.
  3952 | D:6      | 3952 ||| SWAPPING to +0 orcbow.
  3953 | D:6      | 3953 ||| DROPPING +2 sling.
  3960 | D:6      | Noticed a sky beast
  3966 | D:6      | Noticed an ice beast
  3970 | D:6      | 3970 ||| FLEEEEING.
  3971 | D:6      | 3971 ||| FLEEEEING.
  3972 | D:6      | 3972 ||| STAIRDANCE
  3998 | D:6      | Killed a sky beast
  3999 | D:6      | Reached XP level 7. HP: 74/74 MP: 7/7
  4007 | D:6      | 4007 ||| STAIRDANCE
  4149 | D:6      | Noticed a steam dragon
  4151 | D:6      | 4151 ||| Stepping ~*~*~tactically~*~*~ (cloud).
  4158 | D:6      | 4158 ||| Stepping ~*~*~tactically~*~*~ (water).
  4160 | D:6      | 4160 ||| Stepping ~*~*~tactically~*~*~ (cloud).
  4163 | D:6      | 4163 ||| Stepping ~*~*~tactically~*~*~ (water).
  4173 | D:6      | Killed a steam dragon
  4463 | D:6      | Found a transporter.
  4500 | D:6      | Reached XP level 8. HP: 80/82 MP: 8/8
  4523 | D:6      | Identified the ring of Edgha {EV+5 Slay+6}
  4664 | D:6      | Found a transporter.
  4919 | D:6      | 4919 ||| UPGRADING to ring of Edgha {EV+5 Slay+6}.
  4927 | D:7      | 4927 ||| STAIRDANCE
  4958 | D:7      | 4958 ||| STAIRDANCE
  5024 | D:7      | 5024 ||| Stepping ~*~*~tactically~*~*~ (outnumbered).
  5036 | D:7      | 5036 ||| FLEEEEING.
  5037 | D:7      | 5037 ||| STAIRDANCE
  5175 | D:7      | Reached skill level 6 in Dodging
  5196 | D:7      | 5196 ||| Stepping ~*~*~tactically~*~*~ (outnumbered).
  5198 | D:7      | 5198 ||| Stepping ~*~*~tactically~*~*~ (outnumbered).
  5334 | D:7      | Found an iron altar of Okawaru.
  5335 | D:7      | 5335 ||| PLANNING OKAWARU WORSHIP
  5335 | D:7      | 5335 ||| DROPPING ring of flight.
  5336 | D:7      | 5336 ||| DRINKING 2 sapphire potions.
  5336 | D:7      | Gained mutation: Potions are less effective at restoring
                  | your health. [potion of mutation]
  5336 | D:7      | Gained mutation: You are weak. (Str -2) [potion of
                  | mutation]
  5336 | D:7      | Gained mutation: You have sharp toenails. [potion of
                  | mutation]
  5336 | D:7      | Gained mutation: You have razor-sharp toenails. [potion of
                  | mutation]
  5337 | D:7      | 5337 ||| DRINKING potion of mutation.
  5337 | D:7      | Lost mutation: You are weak. (Str -2) [potion of mutation]
  5337 | D:7      | Lost mutation: Potions are less effective at restoring your
                  | health. [potion of mutation]
  5337 | D:7      | Lost mutation: You have razor-sharp toenails. [potion of
                  | mutation]
  5337 | D:7      | Gained mutation: Your body sometimes deteriorates upon
                  | taking damage. [potion of mutation]
  5337 | D:7      | Gained mutation: You expend magic power (3 MP) to
                  | strengthen your wands. [potion of mutation]
  5345 | D:7      | Became a worshipper of Warmaster Okawaru
  5346 | D:7      | 5346 ||| PLANNING D:1-11
  5348 | D:7      | Found a snail-covered altar of Cheibriados.
  5353 | D:7      | Found a basalt altar of Yredelemnul.
  5385 | D:7      | 5385 ||| Stepping ~*~*~tactically~*~*~ (outnumbered).
  5387 | D:7      | 5387 ||| Stepping ~*~*~tactically~*~*~ (outnumbered).
  5394 | D:7      | 5394 ||| Stepping ~*~*~tactically~*~*~ (outnumbered).
  5465 | D:7      | Noticed Menkaure
  5468 | D:7      | Killed Menkaure
  5470 | D:7      | Reached * piety under Okawaru
  5546 | D:7      | 5546 ||| INVOKING Heroism.
  5584 | D:7      | Reached XP level 9. HP: 89/89 MP: 9/9
  5749 | D:7      | 5749 ||| UPGRADING to +5 ring of evasion.
  5822 | D:8      | Reached skill level 13 in Ranged Weapons
  5822 | D:8      | Reached skill level 1 in Invocations
  5968 | D:8      | 5968 ||| INVOKING Heroism.
  6003 | D:8      | 6003 ||| Stepping ~*~*~tactically~*~*~ (outnumbered).
  6005 | D:8      | 6005 ||| Stepping ~*~*~tactically~*~*~ (outnumbered).
  6082 | D:8      | Found a flagged portal.
  6096 | D:8      | Identified the +0 hand axe of Day {holy, rPois rN+}
  6135 | D:8      | Found a sacrificial altar of Ru.
  6320 | D:8      | 6320 ||| READING 3 scrolls of identify.
  6320 | D:8      | 6320 ||| IDENTIFYING metallic silvery potion
  6362 | D:9      | Reached ** piety under Okawaru
  6363 | D:9      | 6363 ||| STAIRDANCE
  6380 | D:9      | Reached skill level 3 in Invocations
  6763 | D:9      | Found a staircase to the Lair.
  6831 | D:9      | 6831 ||| Stepping ~*~*~tactically~*~*~ (outnumbered).
  6833 | D:9      | 6833 ||| Stepping ~*~*~tactically~*~*~ (outnumbered).
  6835 | D:9      | 6835 ||| Stepping ~*~*~tactically~*~*~ (outnumbered).
  7097 | D:9      | 7097 ||| PLANNING LAIR
  7097 | D:9      | 7097 ||| READING 2 scrolls of identify.
  7097 | D:9      | 7097 ||| IDENTIFYING metallic cyan potion
  7149 | Lair:1   | Entered Level 1 of the Lair of Beasts
  7168 | Lair:1   | Reached XP level 10. HP: 95/95 MP: 10/12
  7168 | Lair:1   | 7168 ||| FLEEEEING.
  7172 | Lair:1   | 7172 ||| FLEEEEING.
  7173 | Lair:1   | 7173 ||| FLEEEEING.
  7174 | Lair:1   | 7174 ||| FLEEEEING.
  7175 | Lair:1   | 7175 ||| FLEEEEING.
  7176 | Lair:1   | 7176 ||| STAIRDANCE
  7183 | D:9      | 7183 ||| UPGRADING to +0 pair of gloves.
  7343 | Lair:1   | Noticed a cane toad
  7344 | Lair:1   | 7344 ||| INVOKING Heroism.
  7348 | Lair:1   | Noticed a black mamba
  7350 | Lair:1   | Killed a cane toad
  7363 | Lair:1   | Killed a black mamba
  7459 | Lair:1   | Reached *** piety under Okawaru
  7470 | Lair:1   | Reached skill level 14 in Ranged Weapons
  7493 | Lair:1   | You fall into a shaft and drop 1 floor!
  7493 | Lair:2   | Noticed an elephant
  7493 | Lair:2   | Noticed an elephant
  7495 | Lair:2   | Noticed an elephant
  7496 | Lair:2   | Noticed an elephant
  7499 | Lair:2   | Noticed a cane toad
  7500 | Lair:2   | 7500 ||| INVOKING Heroism.
  7503 | Lair:2   | Noticed a cane toad
  7504 | Lair:2   | Killed an elephant
  7511 | Lair:2   | Killed an elephant
  7518 | Lair:2   | Killed an elephant
  7518 | Lair:2   | Reached **** piety under Okawaru
  7525 | Lair:2   | Killed an elephant
  7530 | Lair:2   | 7530 ||| INVOKING Heroism.
  7532 | Lair:2   | HP: 13/95 [polar bear (15)]
  7533 | Lair:2   | 7533 ||| READING 4 scrolls of teleportation.
  7533 | Lair:2   | Mangled by a polar bear

Levels and vault maps discovered:
D:1:      ncdulo_smallfort, layout_loops_ring, serial_rivers,
          chequers_serial_rivers_micro_d, chequers_serial_rivers_micro_c,
          chequers_serial_rivers_small_3, chequers_serial_rivers_small_b,
          chequers_serial_rivers_marsh, chequers_serial_rivers_large_b
D:2:      layout_rooms
D:3:      layout_loops_ring, overflow_temple_1_default,
          hellmonk_ecumenical_altar_leap_of_faith, serial_rivers,
          chequers_serial_rivers_micro_d, chequers_serial_rivers_micro_b,
          chequers_serial_rivers_micro_e, chequers_serial_rivers_small_b,
          chequers_serial_rivers_room_b
D:4:      layout_basic, minmay_temple_entry_waves,
          ebering_dispersal_statue_hall, kennysheep_cluttered_room,
          grunt_ministairs_15, nicolae_shop_i_like_small_books_too
D:5:      layout_basic
D:6:      gammafunk_steamed_eel, layout_basic,
          nicolae_gozag_cash_rules_everything_around_me,
          chequers_serial_rivers_large_a, minmay_misc_feat_square
D:7:      kennysheep_slugbush, layout_cave_pools, minitemple, serial_park,
          serial_park_square3 [serial_park_minivault_5x5_4], serial_park_square1
          [serial_park_minivault_5x5_7], serial_park_tiny_pond,
          serial_park_tiny_2, uniq_menkaure
D:8:      layout_basic, overflow_temple_1_default, enter_bailey_2
D:9:      layout_small_grid, lair_entry_dummy, billiards_dpeg
Temple:   compressed_dpeg_triangle_lava_temple
Lair:1:   layout_cave_pods, st_stairs_12
Lair:2:   layout_roguey, swamp_mist, grunt_megastairs_2,
          infiniplex_staircase_pool_2

Skill      XL: |  1  2  3  4  5  6  7  8  9 10 |
---------------+-------------------------------+-----
Ranged Weapons | 3 12 13 14 | 14.2
Fighting       | 2 11 | 11.1
Dodging        | 3 5 6 7 8 |  8.0
Armour         | 1 2 |  2.2
Invocations    | 4 |  4.2
Spellcasting   | |  1.0
Hexes          | |  2.0

Action                     |  1- 3 |  4- 6 |  7- 9 | 10-12 || total
---------------------------+-------+-------+-------+-------++-------
   Fire: Sling             |    54 |   177 |       |       ||   231
         Orcbow            |       |    10 |   290 |    88 ||   388
 Invoke: Heroism           |       |       |     2 |     3 ||     5
    Use: Scroll            |     4 |     9 |     2 |     1 ||    16
         Potion            |     1 |     3 |     2 |       ||     6
 Armour: Robe              |     5 |     4 |    13 |     5 ||    27
         Leather armour    |       |     1 |       |       ||     1
  Dodge: Dodged            |    16 |    35 |    91 |    74 ||   216

Table legend:
 A = Non-vault XP
 B = Vault XP
 C = Vault XP percentage of total XP
 D = Non-vault monster count
 E = Vault monster count
 F = Vault count percentage of total count
                 A         B        C        D         E       F
            +---------+---------+-------+---------+---------+-------
      Total |    9413 |     737 |   7.3 |     195 |      17 |   8.0
            +---------+---------+-------+---------+---------+-------
        D:1 |      41 |       0 |   0.0 |      26 |       0 |   0.0
        D:2 |      58 |       0 |   0.0 |      21 |       0 |   0.0
        D:3 |      32 |       0 |   0.0 |      11 |       0 |   0.0
        D:4 |     170 |       8 |   4.5 |      20 |       2 |   9.1
        D:5 |     186 |       0 |   0.0 |       7 |       0 |   0.0
        D:6 |     976 |       0 |   0.0 |      18 |       0 |   0.0
        D:7 |     890 |     357 |  28.6 |      43 |      11 |  20.4
        D:8 |    1338 |       0 |   0.0 |      21 |       0 |   0.0
        D:9 |    1124 |     176 |  13.5 |      12 |       3 |  20.0
     Lair:1 |    2603 |       0 |   0.0 |      12 |       0 |   0.0
     Lair:2 |    1995 |     196 |   8.9 |       4 |       1 |  20.0
            +---------+---------+-------+---------+---------+-------
